 Dungeon Crawl Stone Soup version 0.31.0-11-ge490571c62 (webtiles) character file.

Game seed: 3440217864632847409

90 Flugkiller the Chiller (level 4, 0/21 HPs)
             Began as a Vine Stalker Ice Elementalist on Feb 3, 2024.
             Splashed by a jelly's acid (7 damage)
             ... in a sewer.
             The game lasted 00:01:48 (484 turns).

Flugkiller the Chiller (VSIE)                        Turns: 484, Time: 00:01:49

Health: 0/21       AC: -2    Str: 11    XL:     4   Next: 56%
Magic:  0/10       EV: 12    Int: 17    God:
Gold:   100        SH:  0    Dex: 14    Spells: 9/10 levels left

rFire   . . .        e - +0 dagger
rCold   . . .        (no shield)
rNeg    . . .        a - +0 robe
rPois   .            (no helmet)
rElec   .            (no cloak)
rCorr   .            (no gloves)
SInv    .            (no boots)
Will    .....        (no amulet)
Stlth   ++           (no ring)
HPRegen 1.03/turn    (no ring)
MPRegen 0.12/turn

%: guardian spirit
@: corroded
A: fangs 2, regeneration 1, magic shield, antimagic bite, no potion heal 2
a: no special abilities


You were in a sewer.
You visited 1 branch of the dungeon, and saw 3 of its levels.
You also visited: Sewer.

You collected 100 gold pieces.

Inventory:

Hand Weapons
 e - a +0 dagger (weapon)
   (You took it off a goblin on level 1 of the Dungeon)
Armour
 a - a +0 robe (worn)
Scrolls
 r - a scroll of identify
Potions
 b - 2 potions of magic
 c - 3 potions of haste {unknown}
 d - a potion of enlightenment
 f - a potion of mutation {unknown}


   Skills:
 - Level 1.5 Dodging
 - Level 2.4 Stealth
 + Level 3.6 Spellcasting
 + Level 5.0 Ice Magic


You had 9 spell levels left.
You knew the following spells:

 Your Spells              Type           Power      Damage    Failure   Level
a - Freeze                Ice            80%        1d9       1%          1

Your spell library contained the following spells:

 Spells                   Type           Power      Damage    Failure   Level
 Frozen Ramparts          Ice            40%        1d7       6%          3
 Ozocubu's Armour         Ice            20%        N/A       6%          3
 Summon Ice Beast         Ice/Summ       11%        N/A       17%         3


Dungeon Overview and Level Annotations

Branches:
Dungeon (3/15) Zot: 17700   Sewer (1/1) Zot: 5781

Altars:


Innate Abilities, Weirdness & Mutations

You have extremely sharp teeth.
Your natural rate of healing is unusually fast.
When hurt, damage is shared between your health and your magic reserves.
Your bite disrupts and absorbs the magic of your enemies.
Potions cannot restore your health.


Message History

You kill the giant cockroach!
Casting: Freeze (safe; 2% risk of failure)
Confirm with . or Enter, or press ? or * to list all spells.
You don't have enough magic to cast this spell.
Found 2 red potions.
You see here a giant cockroach corpse.
A jelly comes into view.
You see here a giant cockroach corpse.
You enter the shallow water.
Moving in this stuff is going to be slow.
You enter the shallow water.
Moving in this stuff is going to be slow.
Found a sedimented emerald potion.
Found a gate leading back out of this place.
You enter the shallow water.
Moving in this stuff is going to be slow.
Unknown command.
You enter the shallow water.
Moving in this stuff is going to be slow.
b - 2 potions of magic (gained 1)
c - a sedimented emerald potion You enter the shallow water.
Moving in this stuff is going to be slow.
You enter the shallow water.
Moving in this stuff is going to be slow.
A jelly comes into view.
Found 2 sedimented emerald potions.
You enter the shallow water.
Moving in this stuff is going to be slow.
Unknown command.
You enter the shallow water.
Moving in this stuff is going to be slow.
You enter the shallow water.
Moving in this stuff is going to be slow.
Casting: Freeze (safe; 2% risk of failure)
Confirm with . or Enter, or press ? or * to list all spells.
Aiming: Freeze (safe; 2% risk of failure)
Press: ? - help, Shift-Dir - straight line, f - jelly
Aim: a jelly (asleep)
You freeze the jelly!
The jelly quivers.
The jelly is heavily wounded.
The jelly hits you.
You are splashed with acid.
Casting: Freeze (safe; 2% risk of failure)
Confirm with . or Enter, or press ? or * to list all spells.
Aiming: Freeze (safe; 2% risk of failure)
Press: ? - help, Shift-Dir - straight line, f/p - jelly
Aim: a jelly (heavily wounded)
You freeze the jelly!
The jelly is almost dead.
The jelly closely misses you.
Casting: Freeze (safe; 2% risk of failure)
Confirm with . or Enter, or press ? or * to list all spells.
Aiming: Freeze (safe; 2% risk of failure)
Press: ? - help, Shift-Dir - straight line, f/p - jelly
Aim: a jelly (almost dead)
You freeze the jelly.
You kill the jelly!
Your Ice Magic skill increases to level 5!
c - 2 sedimented emerald potions (gained 1)
c - 3 sedimented emerald potions (gained 1)
An endoplasm and a jelly come into view.
You enter the shallow water.
Moving in this stuff is going to be slow.
A jelly comes into view.
Found 2 red potions.
An adder comes into view.
The jelly quivers.
The endoplasm quivers.
You enter the shallow water.
Moving in this stuff is going to be slow.
Casting: Freeze (safe; 1% risk of failure)
Confirm with . or Enter, or press ? or * to list all spells.
Aiming: Freeze (safe; 1% risk of failure)
Press: ? - help, Shift-Dir - straight line, f - jelly
Aim: a jelly You freeze the jelly!
The jelly is heavily wounded.
The jelly hits you.
You are splashed with acid!
Casting: Freeze (safe; 1% risk of failure)
Confirm with . or Enter, or press ? or * to list all spells.
Aiming: Freeze (safe; 1% risk of failure)
Press: ? - help, Shift-Dir - straight line, f/p - jelly
Aim: a jelly (heavily wounded)
You freeze the jelly.
The jelly is severely wounded.
The jelly hits you.
You are splashed with acid!
* * * LOW HITPOINT WARNING * * *
The jelly misses you.
Unknown command.
You enter the shallow water.
Moving in this stuff is going to be slow.
Unknown command.
The jelly hits you but does no damage.
You enter the shallow water.
Moving in this stuff is going to be slow.
The jelly attacks as it pursues you! The jelly closely misses you.
The jelly attacks as it pursues you! The jelly hits you. The acid corrodes you!
You are splashed with acid!
You die...

##..~~.## #..~.
###~.†~##.~~~~
!.##.†..~~.###
..J##~~~.~##.##
##.. #~~..##...#
~~~##
##~..##~~..~~~~##
...!.
#~~.##...~.~.~##..~
S~...
#~..#~.~#~~~~~~~.∩#
.~..
#~.†~.##..@#~~..##
#.~#
##~..####~J######
##J~.# #####
#~J.#######~~.~#
##~.~.~#~.~~.#
##~~.~J..~~##
###~~...### ##...##
#####


You could see 2 jellies.

Vanquished Creatures
  A jelly (Sewer)
  2 adders (Sewer)
  A ribbon worm (Sewer)
  An orc (D:3)
  6 ball pythons
  A bat (D:1)
  3 endoplasms (Sewer)
  8 giant cockroaches
  2 goblins (D:1)
  A hobgoblin (D:3)
  A kobold (D:1)
  A quokka (D:3)
  4 frilled lizards
  6 rats
38 creatures vanquished.

Notes
Turn   | Place    | Note
-------+----------+-------------------------------------------
     0 | D:1      | Flugkiller the Vine Stalker Ice Elementalist began the
                  | quest for the Orb.
     0 | D:1      | Reached XP level 1. HP: 9/9 MP: 4/4
   119 | D:1      | Reached XP level 2. HP: 13/13 MP: 1/6
   267 | D:3      | Found a glowing drain.
   294 | Sewer    | Entered a sewer
   310 | Sewer    | Reached XP level 3. HP: 16/16 MP: 2/8
   424 | Sewer    | Reached XP level 4. HP: 19/21 MP: 1/10
   465 | Sewer    | Reached skill level 5 in Ice Magic
   484 | Sewer    | Splashed by a jelly's acid

Illustrated notes

Levels and vault maps discovered:
D:1:      lightli_arrival_isolated_outpost, layout_rooms,
          hellmonk_ecumenical_altar_crossroads, minmay_misc_feat_tower
D:2:      layout_basic, hangedman_decor_growths, dreamdust_princess_bridge,
          grunt_ministairs_11
D:3:      minmay_recursive_quarters, layout_basic, portal_sewer_entry_b,
          serial_shops, shop, dk_noncrumbling_4, lemuel_flame_loot_1
Sewer:    sewer_hellmonk_slimy_pipes

Skill      XL: |  1  2  3  4 |
---------------+-------------+-----
Spellcasting   | 3 |  3.6
Ice Magic      | 5 |  5.0
Dodging        | |  1.5
Stealth        | |  2.4

Action                     |  1- 3 |  4- 6 || total
---------------------------+-------+-------++-------
  Melee: Unarmed           |    15 |       ||    15
         Bite              |    14 |     2 ||    16
         Dagger            |    38 |    10 ||    48
         Punch             |     1 |       ||     1
   Cast: Freeze            |    36 |     7 ||    43
    Use: Scroll            |     1 |       ||     1
   Stab: Sleeping          |     1 |       ||     1
 Armour: Robe              |    31 |     8 ||    39
  Dodge: Dodged            |    62 |    15 ||    77
